Map: Inside and Out

Players

Тимарь - Winner!

  • Race: Zerg Zerg
  • League: Diamond
  • Spawn Location: 1:00

LegolandMan

  • Race: Protoss Protoss
  • League: Diamond
  • Spawn Location: 7:00

VOD

Have the link to the VOD?

Description

Time

  • Played on: Dec. 16, 2022, 4:28 p.m.
  • Length: 9:28
Show
View Real Time Build Order
Export as new Build Order

Тимарь Zerg - Winner!

Build Orders: Pool First 

Get SALT Encoding   

  12  0:00  Drone  
  13  0:14  Extractor  
  12  0:24  Spawning Pool  
  12  0:28  Drone  
  12  0:33  Drone  
  13  0:37  Drone  
  14  0:49  Overlord  
  14  1:12  Zergling x4  
  14  1:13  Zergling x2  
  14  1:14  Metabolic Boost  
  17  1:24  Zergling x2  
  18  1:35  Zergling x2  
  19  1:45  Zergling x2  
  20  1:55  Lair  
  20  1:57  Zergling x2  
  21  2:07  Zergling x2  
  21  2:28  Overlord  
  21  2:38  Hatchery  
  20  2:56  Queen  
  22  3:00  Drone x3  
  25  3:19  Drone  
  25  3:42  Drone  
  25  3:43  Drone  
  23  3:53  Drone x2  
  23  3:57  Queen  
  23  4:02  Drone x2  
  27  4:05  Zergling x2  
  28  4:18  Drone x2  
  30  4:24  Drone  
  30  4:28  Drone  
  32  4:33  Overlord  
  32  4:34  Hatchery, Drone x3  
  34  4:40  Roach Warren  
  34  4:43  Zergling x2  
  34  4:46  Overlord  
  34  4:54  Zergling x2  
  34  4:57  Drone  
  36  5:01  Drone x3  
  39  5:07  Extractor  
  36  5:17  Drone x2  
  36  5:18  Drone x4  
  40  5:26  Extractor  
  39  5:35  Glial Reconstitution  
  39  5:36  Roach x5  
  39  5:38  Roach  
  51  5:47  Roach  
  51  5:48  Roach  
  55  5:56  Roach  
  57  5:57  Overlord  
  57  5:58  Drone  
  58  6:22  Overseer  
  58  6:23  Roach x2  
  58  6:24  Roach x2  
  66  6:27  Overlord x2  
  66  6:34  Evolution Chamber  
  66  6:36  Zergling x2  
  66  6:44  Queen  
  66  6:45  Ravager x5  
  66  6:46  Ravager  
  74  6:47  Drone x2  
  74  6:49  Roach x2  
  74  6:50  Zergling x4  
  82  7:06  Overlord, Zerg Missile Weapons Level 1  
  82  7:22  Drone  
  82  7:24  Overlord x3  
  82  7:31  Roach x4  
  90  7:44  Roach x2  
  90  7:45  Roach x4  
  90  7:49  Overseer  
  88  8:13  Zergling x10  
  88  8:14  Zergling x18  
  77  9:04  Zergling x18  
Show
View Real Time Build Order
Export as new Build Order

LegolandMan Protoss 

Build Orders:  

Get SALT Encoding   

  12  0:00  Probe  
  13  0:12  Probe  
  14  0:18  Pylon  
  14  0:24  Probe  
  15  0:37  Probe (Chrono Boost)  
  16  0:42  Gateway  
  16  0:49  Probe (Chrono Boost), Assimilator  
  17  1:06  Probe  
  17  1:09  Pylon  
  18  1:14  Forge  
  18  1:21  Probe  
  19  1:28  Zealot (Chrono Boost)  
  21  1:33  Cybernetics Core  
  21  1:49  Photon Cannon  
  23  2:07  Probe  
  24  2:10  Photon Cannon  
  22  2:16  Stalker  
  22  2:19  Probe  
  25  2:31  Probe  
  26  2:37  Pylon  
  26  2:43  Probe  
  26  2:45  Nexus  
  26  2:59  Shield Battery  
  26  3:00  Probe  
  27  3:12  Adept (Chrono Boost)  
  27  3:13  Probe  
  30  3:21  Photon Cannon  
  30  3:24  Photon Cannon  
  30  3:34  Robotics Facility  
  30  3:46  Adept  
  31  3:59  Probe x2 (Chrono Boost)  
  33  4:08  Probe x2 (Chrono Boost)  
  35  4:10  Pylon  
  35  4:13  Probe (Chrono Boost)  
  35  4:15  Protoss Ground Weapons Level 1  
  36  4:26  Probe  
  36  4:29  Assimilator  
  37  4:36  Twilight Council  
  37  4:37  Probe  
  38  4:38  Probe  
  39  4:49  Probe  
  39  4:50  Gateway, Probe  
  41  4:56  Warp Prism (Chrono Boost)  
  41  5:01  Probe  
  41  5:02  Probe  
  45  5:13  Probe  
  46  5:15  Probe  
  46  5:19  Charge (Chrono Boost)  
  43  5:25  Probe  
  43  5:27  Probe  
  45  5:28  Gateway, Immortal (Chrono Boost)  
  45  5:31  Gateway  
  45  5:35  Assimilator  
  49  5:40  Gateway  
  51  5:47  Assimilator  
  49  5:57  Immortal (Chrono Boost)  
  53  6:18  Templar Archives  
  53  6:22  Gateway  
  53  6:35  Probe x2  
  55  6:43  Observer  
  56  6:51  Warp Gate (Chrono Boost)  
  56  6:53  Pylon  
  56  6:55  Pylon  
  56  7:19  Nexus  
  56  7:22  Pylon  
  56  7:28  Immortal (Chrono Boost)  
  56  7:32  Pylon  
  56  7:35  Probe x2  
  62  7:41  Pylon  
  62  7:43  Pylon  
  48  8:25  Zealot x3  
  44  8:31  Zealot x2  
  37  8:48  Pylon  
  37  8:50  Pylon  
  33  8:57  Zealot x2  
  34  9:07  Probe  
  34  9:09  Probe  
  32  9:18  Zealot x2  
Tags
 
Add a new tag
Caveats
  • Supply blocks, unpowered buildings, or Contaminate may cause inaccurate times.
  • Supply counts are checked every 10 seconds.